 Dungeon Crawl Stone Soup version 0.29.1-12-g30fa7ad0bf (webtiles) character file.

Game seed: 13597612330376128253

46 H0rd4k the Charlatan (level 3, -4/25 HPs)
             Began as an Octopode Artificer on Dec 15, 2022.
             Slain by a gnoll
             ... wielding a +0 whip
              (5 damage)
             ... on level 2 of the Dungeon.
             The game lasted 00:00:55 (1421 turns).

H0rd4k the Charlatan (Octopode Artificer)           Turns: 1421, Time: 00:00:56

Health: -4/25      AC:  1    Str: 11    XL:     3   Next: 66%
Magic:  5/5        EV: 13    Int: 15    God:
Gold:   7          SH:  0    Dex: 12    Spells: 5/5 levels left

rFire   . . .      SeeInvis .   (no weapon)
rCold   . . .      Faith    .   (no shield)
rNeg    . . .      Spirit   .   (helmet restricted)
rPois   .          Reflect  .   (no amulet)
rElec   .          Harm     .   (no ring)
rCorr   .          Rampage  .   (no ring)
Will    .....                   (no ring)
Stlth   +++.......              (no ring)
HPRegen 0.08/turn               (no ring)
MPRegen 0.09/turn               (no ring)
                                (no ring)
                                (no ring)

@: no status effects
A: almost no armour, amphibious, 8 rings, camouflage 1, gelatinous body 1,
(nimble swimmer 1), tentacles
a: no special abilities


You were on level 2 of the Dungeon.
You visited 1 branch of the dungeon, and saw 2 of its levels.

You collected 7 gold pieces.

Inventory:

Wands
 b - a wand of flame (15) (quivered)
 c - a wand of charming (14)
 d - a wand of iceblast (4)
Scrolls
 e - a scroll of teleportation {unknown}
Potions
 a - a potion of curing {unknown}
 f - 2 potions of heal wounds {unknown}
 g - a potion of magic {unknown}
 h - a potion of berserk rage {unknown}


   Skills:
 * Level 2.3 Fighting
 - Level 2.3 Dodging
 - Level 1.3 Stealth
 + Level 0.7 Unarmed Combat
 * Level 1.7 Spellcasting
 - Level 3.2 Evocations


You had 5 spell levels left.
You didn't know any spells.
Your spell library was empty.

Dungeon Overview and Level Annotations

Branches:
Dungeon (2/15)

Altars:

Annotations:
D:1 exclusion: downstairs


Innate Abilities, Weirdness & Mutations

You cannot wear most types of armour.
You are amphibious.
You can wear up to eight rings at the same time.
Your skin changes colour to match your surroundings (Stealth+).
Your rubbery body absorbs attacks. (AC +1, EV +1)
((You are camouflaged when in or above water. (Stealth+)))
You have tentacles for arms and can constrict up to eight enemies at once.


Message History

The gnoll is almost dead.
You constrict the gnoll.
You kill the gnoll!
Things that are here:
a +0 flail; a gnoll corpse You tentacle-slap the rat.
Your grab misses the rat.
The rat is moderately wounded.
The rat bites you.
You barely miss the rat. You grab the rat. You squeeze the rat.
You kill the rat!
A gnoll is nearby!
The gnoll misses you.
Things that are here:
a +0 flail; a gnoll corpse The gnoll hits you with a +0 spear.
You completely miss the gnoll. You grab the gnoll.
You constrict the gnoll, but do no damage.
The gnoll hits you with a +0 spear.
The gnoll shouts!
You tentacle-slap the gnoll. You squeeze the gnoll!
The gnoll is severely wounded.
You constrict the gnoll, but do no damage.
The gnoll hits you but does no damage.
You tentacle-slap the gnoll. You squeeze the gnoll.
You kill the gnoll!
Things that are here:
a +0 spear; a gnoll corpse The gnoll attacks as you move away!
The gnoll barely misses you.
You barely miss the gnoll. You grab the gnoll. You constrict the gnoll.
The gnoll hits you with a +0 whip!
You completely miss the gnoll.
The gnoll is lightly wounded.
You constrict the gnoll, but do no damage.
The gnoll hits you with a +0 whip!
* * * LOW HITPOINT WARNING * * *
You tentacle-slap the gnoll but do no damage.
You squeeze the gnoll, but do no damage.
The gnoll is lightly wounded.
You constrict the gnoll. The gnoll hits you with a +0 whip.
You die...

##.....# #.
##.....# #.#.####
.......# #.#.#..
##.....# #.#.#.#
##.w...# #.....
####g### #..#.# #
#..## #..#<# .#
##.g### ###.##.#
#..# ##...#
##..g@..####...#
###.#
#...#####....#
#.###.!.).)...#
#......######....#
###...## ####...#
......... #..#
#.#....### .#
#....#.# #..###.#


You could see a gnoll.

Vanquished Creatures
  3 gnolls
  2 endoplasms (D:1)
  A giant cockroach (D:1)
  A goblin (D:1)
  4 hobgoblins (D:1)
  2 jackals (D:1)
  A ball python (D:1)
  A bat (D:1)
  A rat (D:2)
16 creatures vanquished.

Vanquished Creatures (others)
  A jackal (D:1)
1 creature vanquished.

Grand Total: 17 creatures vanquished

Notes
Turn   | Place    | Note
-------+----------+-------------------------------------------
     0 | D:1      | H0rd4k the Octopode Artificer began the quest for the Orb.
     0 | D:1      | Reached XP level 1. HP: 13/13 MP: 1/1
    43 | D:1      | Reached skill level 1 in Spellcasting
    43 | D:1      | Reached XP level 2. HP: 3/19 MP: 1/3
   882 | D:1      | Reached XP level 3. HP: 15/24 MP: 5/5
   995 | D:1      | Found a faded altar of an unknown god.
  1420 | D:2      | HP: 1/25 [gnoll/+0 whip (7)]
  1421 | D:2      | Slain by a gnoll

Illustrated notes

Levels and vault maps discovered:
D:1:      saegor_arrival_simple_b, layout_rooms, ebering_ecumenical_altar_box,
          hangedman_glass_teeth
D:2:      minmay_general_purpose_star, layout_rooms

Skill      XL: |  1  2 |
---------------+-------+-----
Spellcasting   | 1 |  1.7
Fighting       | 2 |  2.3
Dodging        | |  2.3
Stealth        | |  1.3
Unarmed Combat | |  0.7
Evocations     | |  3.2

Action                   || total
-------------------------++-------
Melee: Unarmed           ||    46
       Tentacles         ||    16
       Constrict         ||    15
Evoke: Wand              ||     2
 Stab: Sleeping          ||     1
Armor: Skin              ||     2
Dodge: Dodged            ||    21
